 Dungeon Crawl Stone Soup version 0.29.1-1-gd02db6906a (webtiles) character file.

Game seed: 5961583838371803414

730 tardwrangler69 the Grappler (level 7, -8/66 HPs)
             Began as a Troll Gladiator on Oct 4, 2022.
             Was an Initiate of Trog.
             Mangled by a two-headed ogre
             ... wielding a +0 giant spiked club
              (21 damage)
             ... on level 4 of the Dungeon.
             The game lasted 00:05:36 (3404 turns).

tardwrangler69 the Grappler (Troll Gladiator)       Turns: 3404, Time: 00:05:37

Health: -8/66      AC:  5    Str: 25    XL:     7   Next: 44%
Magic:  6/6        EV: 10    Int:  4    God:    Trog [......]
Gold:   237        SH:  0    Dex: 11    Spells: 6/6 levels left

rFire   . . .      SeeInvis .     - Unarmed
rCold   . . .      Faith    .   (no shield)
rNeg    . . .      Spirit   .   a - +0 robe
rPois   .          Reflect  .   h - +1 hat
rElec   .          Harm     .   (no cloak)
rCorr   .          Rampage  .   (gloves unavailable)
Will    .....                   (boots unavailable)
Stlth   +.........              (no amulet)
HPRegen 1.01/turn               (no ring)
MPRegen 0.10/turn               (no ring)

@: no status effects
A: large, unfitting armour, claws 3, regeneration 1, shaggy fur 1, tough skin 1
a: Renounce Religion


You were on level 4 of the Dungeon.
You worshipped Trog.
Trog was noncommittal.
You visited 1 branch of the dungeon, and saw 5 of its levels.

You collected 237 gold pieces.

Inventory:

Missiles
 c - 4 throwing nets (quivered)
 d - a large rock
Armour
 a - a +0 robe (worn)
 h - a +1 hat (worn)
Jewellery
 g - a ring of magical power
Wands
 r - a wand of roots (9)
Scrolls
 f - 2 scrolls of enchant weapon {unknown}
 i - a scroll of vulnerability {unknown}
 j - a scroll of blinking {unknown}
 k - a scroll of noise {unknown}
 l - 2 scrolls of teleportation {unknown}
 m - a scroll of torment {unknown}
 o - 2 scrolls of identify {unknown}
 p - a scroll of immolation {unknown}
 s - 2 scrolls of silence {unknown}
 u - 2 scrolls of magic mapping {unknown}
 v - a scroll of fog {unknown}
 y - a scroll of fear {unknown}
Potions
 b - a potion of degeneration {unknown}
 e - a potion of haste {unknown}
 n - 3 potions of heal wounds {unknown}
 q - 2 potions of attraction {unknown}
 t - a potion of flight {unknown}
 w - a potion of curing {unknown}
 x - 2 potions of brilliance {unknown}
 z - a potion of invisibility {unknown}
 A - a potion of lignification {unknown}
 B - a potion of mutation {unknown}


   Skills:
 + Level 2.5 Fighting
 - Level 1.7 Throwing
 - Level 2.4 Dodging
 + Level 8.5 Unarmed Combat


You had 6 spell levels left.
You didn't know any spells.
Your spell library contained the following spells:

 Spells                   Type           Power      Damage    Failure   Level
 Ignite Poison            Fire/Tmut/Pois 0%         N/A       86%         3
 Mephitic Cloud           Conj/Pois/Air  0%         N/A       86%         3
 Freezing Cloud           Conj/Ice/Air   0%         6-21      100%        5


Dungeon Overview and Level Annotations

Branches:
Dungeon (5/15)             Temple (0/1) D:5

Altars:
Trog
Uskayaw

Shops:
D:2 (


Innate Abilities, Weirdness & Mutations

You are too large for most types of armour.
You have claws for hands.
Your natural rate of healing is unusually fast.
You are covered in fur. (AC +1)
You have tough skin. (AC +1)


Message History

The kobold brigand is almost dead.
You closely miss the kobold brigand.
The kobold brigand is almost dead.
The kobold brigand hits you with a +0 whip.
You barely miss the kobold brigand.
The kobold brigand is almost dead.
The kobold brigand hits you with a +0 whip.
You closely miss the kobold brigand.
The kobold brigand is almost dead.
The kobold brigand closely misses you.
You mangle the kobold brigand!!
You kill the kobold brigand!
Trog accepts your kill.
No target in view!
HP restored.
Things that are here:
a +0 whip; 5 poisoned darts; a kobold corpse Done exploring.
Done exploring.
Done exploring.
Done exploring.
Search for what [Enter for "."]? .
Unknown command.
(D) Dungeon (T) Temple
Where to? (Enter - D:5, ? - help)
There is a stone staircase leading down here.
You climb downwards.
There is a stone staircase leading up here.
A two-headed ogre is nearby!
A two-headed ogre is nearby!
A two-headed ogre is nearby!
The two-headed ogre hits you with a +0 giant spiked club!!!
Ouch! That really hurt!
The two-headed ogre hits you with a +0 giant spiked club!!
* * * LOW HITPOINT WARNING * * *
You climb upwards.
There is a stone staircase leading down here.
The two-headed ogre closely misses you.
The two-headed ogre hits you with a +0 giant spiked club!!
You die...

##### #...# #...#
####..##############
#...................
#>O...#...#...#...#.
#..@................
####..#...#...#...#.
#................
#..##############
##[# #)# #.# #.# #.#
#########


You could see a two-headed ogre.

Vanquished Creatures
  Duvessa (D:5)
  A kobold brigand (D:4)
  2 necrophages
  Dowan (D:5)
  A hound (D:3)
  An orc priest (D:4)
  An iguana (D:3)
  3 orc wizards
  4 gnolls
  7 adders
  3 worms
  2 dart slugs
  26 orcs
  6 ball pythons
  5 bats
  5 endoplasms
  9 hobgoblins
  5 jackals
  7 kobolds
  3 quokkas
  A frilled lizard (D:2)
  8 goblins
  9 rats
111 creatures vanquished.

Notes
Turn   | Place    | Note
-------+----------+-------------------------------------------
     0 | D:1      | tardwrangler69 the Troll Gladiator began the quest for the
                  | Orb.
     0 | D:1      | Reached XP level 1. HP: 19/19 MP: 0/0
   202 | D:1      | Reached XP level 2. HP: 23/27 MP: 1/1
   283 | D:1      | Reached skill level 4 in Unarmed Combat
   346 | D:1      | Reached XP level 3. HP: 32/33 MP: 2/2
   587 | D:2      | Found Tunun's Weapon Emporium.
   829 | D:2      | Found a faded altar of an unknown god.
   843 | D:2      | Reached skill level 5 in Unarmed Combat
   843 | D:2      | Reached XP level 4. HP: 34/41 MP: 3/3
   904 | D:2      | Identified the +1 ring mail of Noon {+Inv rElec rPois
                  | Regen+}
  1506 | D:3      | Reached XP level 5. HP: 48/48 MP: 4/4
  1758 | D:3      | Reached skill level 6 in Unarmed Combat
  2368 | D:4      | Reached skill level 7 in Unarmed Combat
  2368 | D:4      | Reached XP level 6. HP: 52/55 MP: 5/5
  2658 | D:4      | Found a hide-covered altar of Uskayaw.
  3054 | D:5      | Entered Level 5 of the Dungeon
  3062 | D:5      | Noticed Dowan
  3062 | D:5      | Noticed Duvessa
  3078 | D:5      | Killed Duvessa
  3079 | D:5      | Reached skill level 8 in Unarmed Combat
  3079 | D:5      | Reached XP level 7. HP: 19/62 MP: 6/6
  3160 | D:5      | Killed Dowan
  3220 | D:5      | Found a bloodstained altar of Trog.
  3220 | D:5      | Found a staircase to the Ecumenical Temple.
  3230 | D:5      | Became a worshipper of Trog the Wrathful
  3354 | D:5      | Noticed a two-headed ogre
  3404 | D:4      | Mangled by a two-headed ogre

Illustrated notes

Levels and vault maps discovered:
D:1:      eino_arrival_cavern_a, layout_rooms, hangedman_decor_clover_reticule,
          corner_web_ring, nicolae_grassy_gnolls
D:2:      kennysheep_big_flooded_room, layout_loops_corners,
          nicolae_ecumenical_snake_handling, serial_shops, shop,
          grunt_decor_arrowhead
D:3:      layout_basic
D:4:      layout_loops_ring, lemuel_coloured_pillars_altar
D:5:      layout_basic, bloody_trog, minmay_temple_entry_statues_fountains,
          minmay_divided_ellipse, uniq_duvessa

Skill      XL: |  1  2  3  4  5  6  7 |
---------------+----------------------+-----
Unarmed Combat | 4 5 7 8 |  8.5
Fighting       | 2 |  2.5
Throwing       | |  1.7
Dodging        | |  2.4

Action                   |  1- 3 |  4- 6 |  7- 9 || total
-------------------------+-------+-------+-------++-------
Melee: Unarmed           |    86 |   147 |    33 ||   266
       Punch             |       |     3 |     2 ||     5
 Stab: Sleeping          |     1 |     2 |       ||     3
Armor: Robe              |    28 |    26 |     7 ||    61
Dodge: Dodged            |    47 |    57 |    10 ||   114
